AoeStats
← AxD | Cad Bane

Arena

506761900Analyzed
4v4 RM · 18d ago on Sep 15, 2026· 45m 37s· 8 players
Game mode
Random Map
Map size
Large (8 player)
Population
200
Speed
Normal
Resources
Standard
Victory
Conquest
Starting age
Dark Age
Ending age
Imperial Age
RankedLock teamsTeams togetherTeam positionsShared explorationLock speedFull tech treeHidden civsTurbo modeCheats
Victory
Defeat
🇩🇿 Teutons · Algeria
1716
+13
🇨🇳 Slavs · China
1682
+14
1582
+18
🇨🇳 Spanish · China
1581
+18
🇨🇱 Burgundians · Chile
1682
-18
🇸🇻 Hindustanis · El Salvador
1640
-16
🇦🇷 Cumans · Argentina
1638
-16
🇦🇷 Celts · Argentina
1575
-13
EagleWarrior420
5:25 Loom
8:07 Feudal Age
14:00 Double-Bit Axe
19:47 Wheelbarrow
22:51 Castle Age
21:17 Horse Collar
24:06 Bow Saw
24:46 Town Watch
32:17 Hand Cart
32:03 Heavy Plow
36:15 Imperial Age
34:44 Scale Barding Armor
34:50 Forging
35:16 Gold Mining
35:18 Stone Mining
35:47 Bloodlines
35:58 Chain Barding Armor
37:04 Iron Casting
36:23 Cavalier
37:55 Plate Barding Armor
38:01 Capped Ram
40:33 Blast Furnace
41:25 Paladin
ARKINE
10:53 Feudal Age
11:35 Double-Bit Axe
14:29 Castle Age
13:03 Horse Collar
13:28 Gold Mining
13:56 Gold Mining
14:23 Forging
17:39 Man-at-Arms
23:23 Bow Saw
23:29 Heavy Plow
25:19 Wheelbarrow
25:39 Wheelbarrow
24:50 Town Watch
25:25 Stone Mining
31:09 Imperial Age
29:59 Squires
29:20 Long Swordsman
30:01 Scale Mail Armor
31:02 Iron Casting
31:08 Detinets
31:38 Loom
32:09 Hand Cart
31:16 Pikeman
31:45 Capped Ram
32:29 Two-Handed Swordsman
34:02 Chain Mail Armor
34:48 Blast Furnace
34:56 Gold Shaft Mining
35:27 Plate Mail Armor
34:52 Fletching
34:51 Siege Ram
35:21 Halberdier
36:52 Conscription
38:22 Chemistry
38:31 Bodkin Arrow
38:51 Champion
40:31 Hoardings
41:10 Ballistics
41:01 Masonry
40:47 Murder Holes
41:15 Champion
41:36 Elite Boyar
43:35 Elite Boyar
44:16 Druzhina
44:23 Druzhina
43:45 Elite Boyar
King-WzRun
10:22 Feudal Age
10:54 Feudal Age
14:31 Castle Age
13:28 Horse Collar
13:34 Double-Bit Axe
15:34 Bow Saw
18:26 Loom
20:31 Padded Archer Armor
22:01 Wheelbarrow
24:56 Bloodlines
24:46 Husbandry
25:02 Leather Archer Armor
26:50 Stone Mining
36:43 Hand Cart
36:51 Town Watch
41:37 Imperial Age
43:22 Chemistry
42:54 Ring Archer Armor
42:46 Conscription
43:36 Herbal Medicine
45:20 Guilds
45:04 Gold Mining
白鹿城大兵WOLOLO
10:32 Feudal Age
14:11 Castle Age
12:35 Double-Bit Axe
16:59 Horse Collar
25:55 Gold Mining
27:15 Bow Saw
30:57 Imperial Age
28:32 Heavy Plow
29:38 Gold Shaft Mining
29:41 Wheelbarrow
29:25 Scale Mail Armor
29:37 Forging
30:12 Husbandry
30:23 Bloodlines
30:23 Scale Barding Armor
30:24 Pikeman
32:01 Iron Casting
31:31 Cavalier
32:45 Squires
34:03 Savar
35:14 Chain Barding Armor
35:33 Halberdier
36:54 Plate Barding Armor
37:56 Chain Mail Armor
39:43 Hand Cart
41:53 Conscription
42:38 Blast Furnace
AxD | Keiokenkun-Uno-Puro
6:11 Loom
9:01 Feudal Age
9:27 Double-Bit Axe
16:44 Wheelbarrow
17:26 Horse Collar
22:54 Castle Age
22:25 Stone Mining
22:25 Gold Mining
24:45 Bow Saw
26:28 Town Watch
28:48 Gold Shaft Mining
28:15 Fletching
29:10 Scale Barding Armor
29:15 Forging
29:19 Light Cavalry
30:10 Bloodlines
30:51 Chain Barding Armor
30:53 Forging
32:03 Heavy Plow
32:43 Scale Mail Armor
33:05 Chain Barding Armor
35:55 Imperial Age
34:14 Chain Barding Armor
34:53 Iron Casting
36:03 Cavalier
37:27 Plate Barding Armor
37:17 Conscription
37:32 Steppe Husbandry
37:40 Paladin
AxD | Cad Bane
6:06 Loom
8:37 Feudal Age
16:11 Scale Mail Armor
17:25 Double-Bit Axe
19:37 Wheelbarrow
23:06 Castle Age
21:21 Bow Saw
21:50 Forging
22:59 Horse Collar
23:11 Stone Mining
23:12 Gold Mining
25:19 Two-Man Saw
25:23 Town Watch
27:13 Fletching
34:31 Imperial Age
32:47 Heavy Plow
33:13 Masonry
34:24 Fortified Wall
34:19 Padded Archer Armor
35:04 Crop Rotation
35:06 Hand Cart
36:12 Chemistry
35:34 Leather Archer Armor
39:42 Pikeman
41:11 Chain Mail Armor
41:31 Iron Casting
41:05 Halberdier
43:17 Squires
43:02 Arson
AxD | Kurumi 002
10:24 Feudal Age
14:11 Castle Age
12:05 Double-Bit Axe
12:22 Horse Collar
15:19 Bow Saw
15:17 Heavy Plow
18:34 Loom
18:37 Town Watch
23:24 Wheelbarrow
23:35 Gold Mining
27:57 Imperial Age
25:43 Scale Barding Armor
26:26 Bloodlines
26:17 Husbandry
27:28 Gold Shaft Mining
28:23 Heavy Camel Rider
29:24 Chain Barding Armor
29:15 Forging
29:43 Hand Cart
30:53 Two-Man Saw
30:17 Imperial Camel Rider
31:34 Plate Barding Armor
32:49 Chemistry
32:07 Light Cavalry
33:59 Iron Casting
37:21 Shatagni
44:35 Padded Archer Armor
Cronos
10:43 Feudal Age
14:40 Castle Age
13:26 Double-Bit Axe
24:34 Horse Collar
28:23 Bow Saw
29:48 Loom
31:09 Wheelbarrow
34:09 Imperial Age
31:26 Pikeman
32:13 Scale Mail Armor
33:27 Chain Mail Armor
34:16 Gold Mining
34:18 Stone Mining
35:42 Hand Cart
37:18 Chemistry
37:20 Gold Shaft Mining
37:16 Conscription
36:47 Halberdier
37:45 Heavy Scorpion
40:40 Ballistics
40:26 Siege Engineers
44:43 Heavy Plow
Connection lost

Rejoining the realm…

Still unreachable

The connection could not be restored.

Session expired

The server has moved on; the page needs a fresh start.